 Dungeon Crawl Stone Soup version 0.27-a0-1188-g73eefd5def (webtiles) character file.

Game seed: 7455825878221670037

588 Hamester5 the Skirmisher (level 7, -1/44 HPs)
             Began as a Gargoyle Monk on May 22, 2021.
             Slain by a black bear (4 damage)
             ... on level 4 of the Dungeon.
             The game lasted 00:11:11 (4362 turns).

Hamester5 the Skirmisher (Gargoyle Monk)            Turns: 4362, Time: 00:11:11

Health: -1/44      AC:  6    Str: 13 (14) XL:     7   Next: 38%
Magic:  7/7        EV: 13    Int: 11      God:
Gold:   122        SH:  0    Dex: 12 (14) Spells: 6/6 levels left

rFire    . . .     SeeInvis .     - Unarmed
rCold    . . .     Faith    .   (no shield)
rNeg     + . .     Spirit   .   a - +0 robe
rPois    ∞         Reflect  .   (no helmet)
rElec    +         Harm     .   (no cloak)
rCorr    .         Rampage  .   (no gloves)
Will     .....                  (no boots)
Stlth    ++........             (no amulet)
HPRegen  0.14/turn              (no ring)
MPRegen  0.10/turn              (no ring)

@: brilliant
A: sickness immunity, AC +4, negative energy resistance 1, electricity
resistance, torment resistance 1, petrification resistance
a: no special abilities


You were on level 4 of the Dungeon.
You visited 1 branch of the dungeon, and saw 5 of its levels.

You collected 122 gold pieces.

Inventory:

Missiles
 g - 3 atropa-tipped darts
Armour
 a - a +0 robe (worn)
Wands
 b - a wand of acid (2) (quivered)
 d - a wand of digging (4)
Scrolls
 e - 2 scrolls of identify
 f - a scroll of noise {unknown}
 j - a scroll of blinking {unknown}
 l - a scroll of enchant armour {unknown}
Potions
 c - a potion of haste
 h - a potion of heal wounds {unknown}
 k - a potion of might {unknown}


   Skills:
 + Level 5.3 Fighting
 * Level 5.1 Dodging
 - Level 2.1 Stealth
 + Level 4.8 Unarmed Combat


You had 6 spell levels left.
You didn't know any spells.
Your spell library was empty.

Dungeon Overview and Level Annotations

Branches:
Dungeon (5/15)             Temple (0/1) D:4

Altars:
Fedhas

Shops:
D:5 =


Innate Abilities, Weirdness & Mutations

You are immune to sickness and miasma.
Your stone body is resilient. (AC +4)
You are immune to poison.
You resist negative energy. (rN+)
You are resistant to electric shocks. (rElec)
You are resistant to unholy torment.
You are immune to petrification.


Message History

You barely miss the black bear.
The black bear is almost dead.
The black bear bites you! The black bear barely misses you. x2
The black bear bites you but does no damage.
The black bear claws you.
The black bear claws you but does no damage.
You barely miss the black bear.
The black bear is almost dead.
The black bear bites you but does no damage.
The black bear misses you.
The black bear claws you but does no damage.
You hit the black bear but do no damage.
The black bear is almost dead.
The black bear bites you.
The black bear claws you but does no damage.
The black bear claws you.
You barely miss the black bear.
The black bear is almost dead.
The black bear bites you but does no damage.
The black bear claws you.
* * * LOW HITPOINT WARNING * * *
The black bear claws you.
* * * LOW HITPOINT WARNING * * *
The black bear bites you.
* * * LOW HITPOINT WARNING * * *
The black bear closely misses you.
The black bear claws you but does no damage.
You are too injured to fight recklessly!
You are too injured to fight recklessly!
It was a potion of brilliance.
You feel clever all of a sudden.
The black bear bites you but does no damage.
The black bear claws you.
* * * LOW HITPOINT WARNING * * *
The black bear barely misses you.
You hit the black bear.
The black bear is almost dead.
The black bear bites you but does no damage.
The black bear barely misses you. The black bear claws you.
You die...

....$....## .......
..........## ........
...........# ##........
...........# #.........
...........## #......#..
............###....#....
.../........##.........#
........h..............#
....<..@.............###
..............#.........
#.....................⌠.
.#...........#..<.......
#...........###......###
###.........# ##.......#
##....._... ####....#
#......(..# #.....
#....#


You could see a black bear (berserk).

Vanquished Creatures
  Menkaure (D:4)
  An ogre (D:3)
  A wyvern zombie (D:4)
  2 scorpions (D:5)
  A hound (D:5)
  A centaur skeleton (D:3)
  2 iguanas
  An orc wizard (D:3)
  A worm (D:3)
  3 dart slugs
  3 orcs
  4 bats
  8 endoplasms
  A giant cockroach (D:1)
  2 goblins (D:1)
  5 hobgoblins
  8 jackals (D:1)
  8 kobolds
  5 ball pythons
  9 frilled lizards
  5 rats
72 creatures vanquished.

Vanquished Creatures (others)
  A plant (D:1)
  5 toadstools (D:1)
6 creatures vanquished.

Grand Total: 78 creatures vanquished

Notes
Turn   | Place    | Note
-------+----------+-------------------------------------------
     0 | D:1      | Hamester5 the Gargoyle Monk began the quest for the Orb.
     0 | D:1      | Reached XP level 1. HP: 14/14 MP: 1/1
   294 | D:1      | Reached XP level 2. HP: 19/19 MP: 2/2
   865 | D:1      | Reached XP level 3. HP: 12/23 MP: 3/3
  1536 | D:2      | Found a faded altar of an unknown god.
  1934 | D:2      | Reached XP level 4. HP: 29/29 MP: 4/4
  1939 | D:2      | Noticed a necrophage
  2254 | D:2      | You fall into a shaft and drop 1 floor!
  2492 | D:3      | Noticed an ogre
  2510 | D:3      | Killed an ogre
  2511 | D:3      | Reached XP level 5. HP: 33/33 MP: 5/5
  3149 | D:3      | You fall into a shaft and drop 2 floors!
  3149 | D:5      | Entered Level 5 of the Dungeon
  3166 | D:5      | Reached XP level 6. HP: 31/39 MP: 6/6
  3951 | D:5      | Found Xujo's Jewellery Emporium.
  4290 | D:4      | Noticed Menkaure
  4295 | D:4      | Killed Menkaure
  4296 | D:4      | Reached skill level 5 in Fighting
  4296 | D:4      | Reached skill level 5 in Dodging
  4296 | D:4      | Reached XP level 7. HP: 44/44 MP: 7/7
  4308 | D:4      | Found a staircase to the Ecumenical Temple.
  4337 | D:4      | Found a blossoming altar of Fedhas.
  4362 | D:4      | Slain by a black bear

Illustrated notes

Levels and vault maps discovered:
D:1:      ldierk_walled_garden, layout_loops_ring
D:2:      wad_lake_hut, layout_basic, shapermc_ecumenical_altar_starsandcircs,
          lightli_corner_chamber
D:3:      layout_rooms, serial_co_window_serial, co_window_corner_a,
          co_window_cross_1, co_window_corner_a, co_window_cross_1,
          co_window_corner_a, co_window_corner_a, co_window_paths_a,
          co_window_corner_b, co_window_of_opportunity_b, co_window_corner_ca,
          co_window_broadway_a, co_window_4corner_a, glass_columns_a,
          glass_columns_b, glass_columns_b
D:4:      layout_cave_pods, grunt_temple_overflow_open,
          minmay_temple_entry_junction_2, uniq_menkaure, uniq_pikel
D:5:      layout_basic, serial_shops, shop, minmay_misc_feat_x, uniq_ijyb

Skill      XL: |  1  2  3  4  5  6 |
---------------+-------------------+-----
Dodging        | 3 4 5 |  5.1
Fighting       | 4 5 |  5.3
Unarmed Combat | 4 |  4.8
Stealth        | |  2.1

Action                   |  1- 3 |  4- 6 |  7- 9 || total
-------------------------+-------+-------+-------++-------
Melee: Unarmed           |   164 |   141 |    16 ||   321
       Punch             |     2 |     2 |       ||     4
Evoke: Wand              |       |     5 |     3 ||     8
  Use: Scroll            |     2 |     1 |       ||     3
       Potion            |       |     5 |     1 ||     6
 Stab: Sleeping          |     8 |     3 |       ||    11
Armor: Robe              |    37 |    49 |    19 ||   105
       Skin              |       |     5 |       ||     5
Dodge: Dodged            |    91 |   106 |    23 ||   220

Table legend: (Time is in decaauts)
 A = Elapsed time spent in this place.
 B = Non-inter-level travel time spent in this place.
 C = Inter-level travel time spent in this place.
 D = Time resting spent in this place.
 E = Time spent auto-exploring this place.
 F = Levels seen in this place.
 G = Mean time per level.
                   A        B        C        D        E       F      G
               +--------+--------+--------+--------+--------+-----+--------+
         Total |   4340 |   4340 |      0 |   1266 |   2085 |   5 |  868.0 |
       Dungeon |   4340 |   4340 |      0 |   1266 |   2085 |   5 |  868.0 |
               +--------+--------+--------+--------+--------+-----+--------+

Top non-repeatable levels by time:
     D:1: 1523 daAuts
     D:3: 890 daAuts
     D:5: 845 daAuts
     D:2: 721 daAuts
     D:4: 360 daAuts
